Comets vs Griffins

Created - December 23, 2024 at 19:02

Goals
1 2 3 OT1 T
Comets 1 1 1 0 3
Griffins 1 1 1 1 4
Shots
1 2 3 OT1 T
Comets 14 4 13 0 31
Griffins 10 12 15 1 38

1st period

1. Griffins , Nathan Walker 13 (Dominic Turgeon 9) at 16:48
2. Comets , Brett Howden 12 (Joonas Donskoi 18, Mason Marchment 8) at 18:45

Penalties :
No Penalty

2nd period

3. Griffins , Sonny Milano 22 (Nathan Walker 22, Robert Thomas 31) at 8:11 (PP)
4. Comets , Brett Seney 17 (Valeri Nichushkin 14, Conor Garland 18) at 14:15

Penalties :
Connor McMichael (Gra) for Tripping (Minor) at 3:47, Jake Bean (Uti) for Delaying the game (Minor) at 8:06

3rd period

5. Comets , Conor Garland 8 (Brett Seney 20, Valeri Nichushkin 15) at 0:14 (PP)
6. Griffins , Morgan Geekie 2 (Jordan Spence 5, Connor McMichael 7) at 17:21

Penalties :
Robert Thomas (Gra) for Hooking (Minor) at 0:03, Jordan Spence (Gra) for Hooking (Minor) at 4:57

Overtime #1

7. Griffins , Nathan Walker 14 (Robert Thomas 32, Ian McCoshen 12) at 0:43

Penalties :
No Penalty

Goalie Stats

Juuse Saros (Uti), 34 saves from 38 shots - (0.895), OTL, 8-6-3, 60:43 minutes
Marcus Hogberg (Gra), 28 saves from 31 shots - (0.903), W, 11-2-1, 60:43 minutes

Players Stats for Comets

Player Name              G  A  P  +/- PIM S  H  SB GA TA FO     MP     PP MP  PK MP  
------------------------------------------------------------------------------------
Alex Turcotte            0  0  0  -1  0   1  0  0  0  0  0/0     9:00   0:00   0:00 
Alexandre Texier         0  0  0   0  0   1  1  0  2  0  1/1    12:50   0:21   0:00 
Brett Howden             1  0  1   0  0   4  1  0  1  0  5/9    17:18   1:55   0:00 
Brett Seney              1  1  2   1  0   6  0  2  0  1  14/29  21:17   1:55   0:05 
Christian Wolanin        0  0  0  -1  0   2  0  2  2  0  0/0    23:06   2:13   0:05 
Conor Garland            1  1  2   0  0   3  2  2  2  0  0/2    21:22   1:53   0:00 
David Kase               0  0  0  -1  0   2  1  0  0  0  1/1     9:00   0:00   0:00 
Eeli Tolvanen            0  0  0   0  0   1  2  0  1  0  0/1    12:33   0:19   0:00 
Filip Roos               0  0  0   0  0   0  2  0  0  0  0/0     4:05   0:00   0:00 
Ilya Lyubushkin          0  0  0  -2  0   1  4  6  1  2  0/0    27:54   2:13   0:05 
Jake Bean                0  0  0   0  2   2  0  2  1  1  0/0    19:14   1:56   0:00 
Joonas Donskoi           0  1  1  -1  0   0  0  0  1  1  1/1    17:39   1:55   0:00 
Marcus Bjork             0  0  0   1  0   2  0  2  0  0  0/0    13:34   0:00   0:00 
Mason Marchment          0  1  1   0  0   1  2  1  0  0  0/0    17:18   1:55   0:00 
Nicolas Roy              0  0  0   0  0   0  1  1  1  0  2/6    12:33   0:19   0:00 
Nikita Nesterenko        0  0  0  -1  0   0  0  1  1  0  1/4     9:00   0:00   0:00 
Valeri Nichushkin        0  2  2   1  0   5  2  0  0  0  1/4    21:31   1:55   0:05 
Vincent Desharnais       0  0  0   1  0   0  0  2  0  2  0/0    13:34   0:00   0:00 
Wyatt Kalynuk            0  0  0   0  0   0  1  2  0  2  0/0    19:15   1:56   0:00 

Players Stats for Griffins

Player Name              G  A  P  +/- PIM S  H  SB GA TA FO     MP     PP MP  PK MP  
------------------------------------------------------------------------------------
Brycen Martin            0  0  0   0  0   1  1  0  0  1  0/0     7:35   0:00   0:00 
Christoffer Ehn          0  0  0   0  0   2  0  3  1  0  13/22  20:49   0:00   1:17 
Connor McMichael         0  1  1   1  2   1  0  0  0  0  4/9    13:13   0:00   0:00 
Dominic Turgeon          0  1  1   0  0   3  0  0  0  2  4/10   17:18   0:00   2:25 
Ian McCoshen             0  1  1   1  0   1  0  0  1  2  0/0    24:12   0:00   1:51 
Jack Studnicka           0  0  0  -1  0   2  0  0  0  0  1/4     8:35   0:00   0:00 
Joonas Lyytinen          0  0  0   0  0   0  0  0  0  1  0/0    12:19   0:00   2:18 
Jordan Spence            0  1  1   0  2   2  1  0  0  0  0/0    16:38   0:05   0:00 
Kailer Yamamoto          0  0  0   0  0   3  4  0  1  0  1/1    14:55   0:00   0:00 
Mathieu Brodeur          0  0  0   0  0   3  0  3  0  0  0/0    18:55   0:00   2:18 
Morgan Barron            0  0  0   1  0   2  0  1  0  1  0/0    14:14   0:00   1:27 
Morgan Geekie            1  0  1   1  0   2  1  1  0  3  0/0    15:28   0:00   2:21 
Nathan Walker            2  1  3   1  0   5  4  0  3  1  0/1    15:20   0:05   0:00 
Nils Hoglander           0  0  0  -1  0   2  0  0  0  0  0/0     8:48   0:00   0:00 
Robert Thomas            0  2  2   1  2   3  3  0  0  0  5/6    19:33   0:05   0:00 
Ryan Pulock              0  0  0   0  0   2  2  1  2  0  0/0    21:41   0:05   0:00 
Samuel Poulin            0  0  0  -1  0   0  0  0  1  1  2/2     9:23   0:00   0:48 
Sebastian Ahaut          0  0  0   0  0   0  0  4  0  0  0/0     9:56   0:00   0:00 
Sonny Milano             1  0  1   0  0   4  1  0  0  1  2/3    19:37   0:05   0:00 
Tyler Lewington          0  0  0   0  0   0  0  1  0  0  0/0     9:28   0:00   1:51 

3 Stars

1 - Nathan Walker (Gra)
2 - Brett Seney (Uti)
3 - Conor Garland (Uti)

Power Play

Comets - 1 on 3 Attempt(s) - 33.33%
Griffins - 1 on 1 Attempt(s) - 100.00%

Penalty Kill

Comets - 0 on 1 Attempt(s) - 0.00% - Score 0 goal in Penalty Kill
Griffins - 2 on 3 Attempt(s) - 66.67% - Score 0 goal in Penalty Kill

Team Stat

Comets - Hits : 19 - Faceoff Wins : 26 - Blocked Shots : 23 - Penalty Minutes : 2
Griffins - Hits : 17 - Faceoff Wins : 32 - Blocked Shots : 14 - Penalty Minutes : 6

Official

Referees : Chris Lee and Gord Dwyer
Linesman : Pierre Racicot and Kory Nagy

Game Notes

No Game Note

Finance

Level 1 -- Attendance: 1793 (89.65%) -- Ticket Income $125,510
Level 2 -- Attendance: 881 (88.10%) -- Ticket Income $35,240
Total Attendance: 2674 (89.13%)
Total Ticket Income: $160,750
Other Income: $8,038
Total Income: $168,788

Comets

5 vs 5 Forward 
   Center                   Left Wing                Right Wing               Time % Phy DF OF 
 1 Brett Seney              Valeri Nichushkin        Conor Garland            40     0   2  3  
 2 Brett Howden             Mason Marchment          Joonas Donskoi           30     0   2  3  
 3 Nicolas Roy              Eeli Tolvanen            Alexandre Texier         20     0   2  3  
 4 Nikita Nesterenko        Alex Turcotte            David Kase               10     0   2  3  

5 vs 5 Defense 
   Defense                  Defense                                           Time % Phy DF OF 
 1 Ilya Lyubushkin          Christian Wolanin                                 40     1   3  1  
 2 Jake Bean                Wyatt Kalynuk                                     30     1   3  1  
 3 Marcus Bjork             Vincent Desharnais                                20     1   3  1  
 4 Filip Roos               Ilya Lyubushkin                                   10     1   3  1  

PowerPlay Forward 
   Center                   Left Wing                Right Wing               Time % Phy DF OF 
 1 Brett Seney              Valeri Nichushkin        Conor Garland            60     0   1  4  
 2 Brett Howden             Mason Marchment          Joonas Donskoi           40     0   1  4  

PowerPlay Defense
   Defense                  Defense                                           Time % Phy DF OF 
 1 Ilya Lyubushkin          Christian Wolanin                                 60     0   2  3  
 2 Jake Bean                Wyatt Kalynuk                                     40     0   2  3  

Penalty Kill 4 Players Forward 
   Center                   Wing                     Time % Phy DF OF 
 1 Brett Seney              Valeri Nichushkin        60     1   2  2  
 2 Brett Howden             Mason Marchment          40     1   2  2  

Penalty Kill 4 Players Defense
   Defense                  Defense                  Time % Phy DF OF 
 1 Ilya Lyubushkin          Christian Wolanin        60     1   4  0  
 2 Jake Bean                Wyatt Kalynuk            40     1   4  0  

Penalty Kill - 3 Players Forward 
   Forward                                           Time % Phy DF OF 
 1 Brett Seney                                       60     1   2  2  
 2 Brett Howden                                      40     1   2  2  

Penalty Kill - 3 Players Defense
   Defense                  Defense                  Time % Phy DF OF 
 1 Ilya Lyubushkin          Christian Wolanin        60     1   2  2  
 2 Jake Bean                Wyatt Kalynuk            40     1   2  2  

4 vs 4 Forward 
   Center                   Wing                     Time % Phy DF OF 
 1 Brett Seney              Valeri Nichushkin        60     1   2  2  
 2 Brett Howden             Mason Marchment          40     1   2  2  

4 vs 4 Defense
   Defense                  Defense                  Time % Phy DF OF 
 1 Ilya Lyubushkin          Christian Wolanin        60     1   2  2  
 2 Jake Bean                Wyatt Kalynuk            40     1   2  2  

Last Minutes Offensive
   Center                   Left Wing                Right Wing               Defense                  Defense                  
   Brett Seney              Valeri Nichushkin        Conor Garland            Ilya Lyubushkin          Christian Wolanin        

Last Minutes Defensive
   Center                   Left Wing                Right Wing               Defense                  Defense                  
   Brett Seney              Valeri Nichushkin        Conor Garland            Ilya Lyubushkin          Christian Wolanin        

Goaltenders
Starting : Juuse Saros              
Backup : Akira Schmid             

Extra Forwards
Normal : Mason Marchment, Brett Howden, Alexandre Texier - PP : Mason Marchment, Brett Howden - PK : Mason Marchment
Extra Defensemen
Normal : Marcus Bjork, Vincent Desharnais, Filip Roos - PP : Marcus Bjork - PK : Marcus Bjork, Vincent Desharnais
Penalty Shots
Valeri Nichushkin, Conor Garland, Brett Seney, Joonas Donskoi, Mason Marchment
Custom OT Lines Forwards
Valeri Nichushkin, Conor Garland, Brett Seney, Joonas Donskoi, Mason Marchment, Brett Howden, Alexandre Texier, Eeli Tolvanen, Nicolas Roy, David Kase
Custom OT Lines Defensemen
Ilya Lyubushkin, Christian Wolanin, Jake Bean, Wyatt Kalynuk, Marcus Bjork

Scratches
Cristiano Digiacinto (Healthy), John Hayden (Fractured Right Foot Injury), Graeme Clarke (Healthy)

Griffins

5 vs 5 Forward 
   Center                   Left Wing                Right Wing               Time % Phy DF OF 
 1 Christoffer Ehn          Sonny Milano             Robert Thomas            40     1   2  2  
 2 Dominic Turgeon          Nathan Walker            Kailer Yamamoto          30     1   2  2  
 3 Connor McMichael         Morgan Barron            Morgan Geekie            20     1   2  2  
 4 Jack Studnicka           Nils Hoglander           Samuel Poulin            10     1   2  2  

5 vs 5 Defense 
   Defense                  Defense                                           Time % Phy DF OF 
 1 Ian McCoshen             Ryan Pulock                                       40     1   2  2  
 2 Mathieu Brodeur          Jordan Spence                                     30     1   2  2  
 3 Joonas Lyytinen          Sebastian Ahaut                                   20     1   2  2  
 4 Brycen Martin            Tyler Lewington                                   10     1   2  2  

PowerPlay Forward 
   Center                   Left Wing                Right Wing               Time % Phy DF OF 
 1 Robert Thomas            Sonny Milano             Nathan Walker            60     1   2  2  
 2 Christoffer Ehn          Connor McMichael         Kailer Yamamoto          40     1   2  2  

PowerPlay Defense
   Defense                  Defense                                           Time % Phy DF OF 
 1 Jordan Spence            Ryan Pulock                                       60     1   2  2  
 2 Ian McCoshen             Sebastian Ahaut                                   40     1   2  2  

Penalty Kill 4 Players Forward 
   Center                   Wing                     Time % Phy DF OF 
 1 Dominic Turgeon          Morgan Geekie            60     1   2  2  
 2 Christoffer Ehn          Morgan Barron            40     1   2  2  

Penalty Kill 4 Players Defense
   Defense                  Defense                  Time % Phy DF OF 
 1 Mathieu Brodeur          Joonas Lyytinen          60     1   2  2  
 2 Tyler Lewington          Ian McCoshen             40     1   2  2  

Penalty Kill - 3 Players Forward 
   Forward                                           Time % Phy DF OF 
 1 Dominic Turgeon                                   60     1   2  2  
 2 Christoffer Ehn                                   40     1   2  2  

Penalty Kill - 3 Players Defense
   Defense                  Defense                  Time % Phy DF OF 
 1 Mathieu Brodeur          Joonas Lyytinen          60     1   2  2  
 2 Sebastian Ahaut          Tyler Lewington          40     1   2  2  

4 vs 4 Forward 
   Center                   Wing                     Time % Phy DF OF 
 1 Robert Thomas            Sonny Milano             60     1   2  2  
 2 Kailer Yamamoto          Nathan Walker            40     1   2  2  

4 vs 4 Defense
   Defense                  Defense                  Time % Phy DF OF 
 1 Ian McCoshen             Jordan Spence            60     1   2  2  
 2 Sebastian Ahaut          Ryan Pulock              40     1   2  2  

Last Minutes Offensive
   Center                   Left Wing                Right Wing               Defense                  Defense                  
   Robert Thomas            Sonny Milano             Nathan Walker            Ian McCoshen             Jordan Spence            

Last Minutes Defensive
   Center                   Left Wing                Right Wing               Defense                  Defense                  
   Christoffer Ehn          Dominic Turgeon          Kailer Yamamoto          Joonas Lyytinen          Mathieu Brodeur          

Goaltenders
Starting : Marcus Hogberg           
Backup : Adam Werner              

Extra Forwards
Normal : Morgan Geekie, Connor McMichael, Nils Hoglander - PP : Morgan Geekie, Dominic Turgeon - PK : Samuel Poulin
Extra Defensemen
Normal : Joonas Lyytinen, Sebastian Ahaut, Tyler Lewington - PP : Joonas Lyytinen - PK : Sebastian Ahaut, Brycen Martin
Penalty Shots
Sonny Milano, Nathan Walker, Robert Thomas, Kailer Yamamoto, Christoffer Ehn
Custom OT Lines Forwards
Sonny Milano, Christoffer Ehn, Robert Thomas, Nathan Walker, Kailer Yamamoto, Dominic Turgeon, Morgan Geekie, Connor McMichael, Nils Hoglander, Morgan Barron
Custom OT Lines Defensemen
Ian McCoshen, Mathieu Brodeur, Ryan Pulock, Jordan Spence, Sebastian Ahaut

Scratches
Brendan Leipsic (Healthy), Scott Reedy (Healthy), Jack Ramsey (Healthy), Michael Bunting (Healthy), Conor Timmins (Healthy)
Calvin Thurkauf (Healthy), Oskar Steen (Healthy), Nick Swaney (Healthy), Dominik Bokk (Healthy), Viktor Lodin (Healthy)
Vladislav Kolyachonok (Healthy), Philippe Desrosiers (Healthy)

% Time on Ice - Comets

Lines # - Real PCT - Wanted PCT - Time Play
Normal Forward
1 - 34% - 40% - 18:55
2 - 28% - 30% - 15:37
3 - 22% - 20% - 12:14
4 - 16% - 10% - 9:00
Normal Defense
1 - 37% - 40% - 20:48
2 - 31% - 30% - 17:19
3 - 24% - 20% - 13:34
4 - 7% - 10% - 4:05
PP Forward
1 - 46% - 60% - 1:55
2 - 54% - 40% - 2:14
PP Defense
1 - 53% - 60% - 2:13
2 - 47% - 40% - 1:56
PK Forward
1 - 100% - 60% - 0:05
2 - 0% - 40% - 0:00
PK Defense
1 - 100% - 60% - 0:05
2 - 0% - 40% - 0:00
PK3 Forward
1 - 0% - 60%
2 - 0% - 40%
PK3 Defense
1 - 0% - 60%
2 - 0% - 40%
44 Forward
1 - 0% - 60%
2 - 0% - 40%
44 Defense
1 - 0% - 60%
2 - 0% - 40%
Last Minute Offensive  - 0:00
Last Minute Defensive  - 0:00
Total
Forward - 60:00
Defense - 60:00

% Time on Ice - Griffins

Lines # - Real PCT - Wanted PCT - Time Play
Normal Forward
1 - 35% - 40% - 19:16
2 - 27% - 30% - 15:08
3 - 23% - 20% - 12:47
4 - 15% - 10% - 8:35
Normal Defense
1 - 39% - 40% - 21:41
2 - 30% - 30% - 16:34
3 - 18% - 20% - 9:56
4 - 14% - 10% - 7:35
PP Forward
1 - 100% - 60% - 0:05
2 - 0% - 40% - 0:00
PP Defense
1 - 100% - 60% - 0:05
2 - 0% - 40% - 0:00
PK Forward
1 - 84% - 60% - 3:28
2 - 16% - 40% - 0:41
PK Defense
1 - 55% - 60% - 2:18
2 - 45% - 40% - 1:51
PK3 Forward
1 - 0% - 60%
2 - 0% - 40%
PK3 Defense
1 - 0% - 60%
2 - 0% - 40%
44 Forward
1 - 0% - 60%
2 - 0% - 40%
44 Defense
1 - 0% - 60%
2 - 0% - 40%
Last Minute Offensive  - 0:00
Last Minute Defensive  - 0:00
Total
Forward - 60:00
Defense - 60:00

Play-by-Play

1st period


0:01 of 1st period - Christoffer Ehn wins face-off versus Brett Seney in neutral zone.
0:08 of 1st period - Slapshot by Sonny Milano.
0:08 of 1st period - Shot Blocked by Conor Garland.
0:33 of 1st period - Wrist shot by Alexandre Texier.
0:33 of 1st period - Shot Misses the Net.
0:35 of 1st period - Slapshot by Ilya Lyubushkin.
0:35 of 1st period - Stopped by Marcus Hogberg with a rebound.
0:37 of 1st period - Slapshot by Christian Wolanin.
0:37 of 1st period - Shot Misses the Net.
0:39 of 1st period - Wrist shot by Alexandre Texier.
0:39 of 1st period - Shot Blocked by Christoffer Ehn.
0:55 of 1st period - Slapshot by David Kase.
0:55 of 1st period - Stopped by Marcus Hogberg without a rebound.
0:56 of 1st period - Dominic Turgeon wins face-off versus Nikita Nesterenko in Griffins zone.
1:53 of 1st period - Tyler Lewington is hit by Filip Roos and loses puck.
1:57 of 1st period - Icing by Brycen Martin.
1:58 of 1st period - Brett Howden wins face-off versus Jack Studnicka in Griffins zone.
2:27 of 1st period - Wrist shot by Jack Studnicka.
2:27 of 1st period - Shot Misses the Net.
2:29 of 1st period - Slapshot by Brycen Martin.
2:29 of 1st period - Stopped by Juuse Saros without a rebound.
2:30 of 1st period - Brett Seney wins face-off versus Dominic Turgeon in Comets zone.
3:11 of 1st period - Icing by Sonny Milano.
3:12 of 1st period - Christoffer Ehn wins face-off versus Nikita Nesterenko in Griffins zone.
3:19 of 1st period - Snap shot by Morgan Geekie.
3:19 of 1st period - Stopped by Juuse Saros without a rebound.
3:20 of 1st period - Connor McMichael wins face-off versus Brett Seney in Comets zone.
3:35 of 1st period - Snap shot by Morgan Geekie.
3:35 of 1st period - Shot Blocked by Ilya Lyubushkin.
4:11 of 1st period - Slapshot by Christian Wolanin.
4:11 of 1st period - Shot Blocked by Sebastian Ahaut.
4:15 of 1st period - Snap shot by Alexandre Texier.
4:15 of 1st period - Stopped by Marcus Hogberg with a rebound.
4:41 of 1st period - Snap shot by David Kase.
4:41 of 1st period - Stopped by Marcus Hogberg with a rebound.
4:43 of 1st period - Slapshot by Wyatt Kalynuk.
4:43 of 1st period - Shot Blocked by Morgan Barron.
4:59 of 1st period - Snap shot by Nils Hoglander.
4:59 of 1st period - Deflect By Samuel Poulin.
4:59 of 1st period - Shot Misses the Net.
4:59 of 1st period - Puck is out of play.
5:00 of 1st period - Jack Studnicka wins face-off versus Valeri Nichushkin in Comets zone.
5:25 of 1st period - Wrist shot by Nils Hoglander.
5:25 of 1st period - Stopped by Juuse Saros without a rebound.
5:26 of 1st period - Brett Howden wins face-off versus Dominic Turgeon in Comets zone.
5:35 of 1st period - Slapshot by Brett Howden.
5:35 of 1st period - Stopped by Marcus Hogberg without a rebound.
5:36 of 1st period - Brett Seney wins face-off versus Dominic Turgeon in Griffins zone.
5:43 of 1st period - Snap shot by Brett Seney.
5:43 of 1st period - Stopped by Marcus Hogberg with a rebound.
6:25 of 1st period - Snap shot by Mason Marchment.
6:25 of 1st period - Stopped by Marcus Hogberg without a rebound.
6:26 of 1st period - Alexandre Texier wins face-off versus Connor McMichael in Griffins zone.
6:39 of 1st period - Wrist shot by Eeli Tolvanen.
6:39 of 1st period - Shot Misses the Net.
7:21 of 1st period - Snap shot by Mason Marchment.
7:21 of 1st period - Shot Blocked by Mathieu Brodeur.
7:56 of 1st period - Icing by Alexandre Texier.
7:57 of 1st period - Robert Thomas wins face-off versus Nicolas Roy in Comets zone.
8:03 of 1st period - Icing by Wyatt Kalynuk.
8:04 of 1st period - Robert Thomas wins face-off versus Nicolas Roy in Comets zone.
8:05 of 1st period - Slapshot by Christoffer Ehn.
8:05 of 1st period - Stopped by Juuse Saros with a rebound.
8:56 of 1st period - Snap shot by Morgan Geekie.
8:56 of 1st period - Shot Misses the Net.
8:58 of 1st period - Wrist shot by Morgan Barron.
8:58 of 1st period - Shot Misses the Net.
9:18 of 1st period - Snap shot by Joonas Donskoi.
9:18 of 1st period - Shot Blocked by Sebastian Ahaut.
9:32 of 1st period - Slapshot by Dominic Turgeon.
9:32 of 1st period - Stopped by Juuse Saros with a rebound.
9:34 of 1st period - Slapshot by Sebastian Ahaut.
9:34 of 1st period - Shot Blocked by Ilya Lyubushkin.
9:52 of 1st period - Snap shot by Eeli Tolvanen.
9:52 of 1st period - Stopped by Marcus Hogberg without a rebound.
9:53 of 1st period - Brett Seney wins face-off versus Christoffer Ehn in Griffins zone.
10:02 of 1st period - Snap shot by Conor Garland.
10:02 of 1st period - Deflect By Brett Seney.
10:02 of 1st period - Shot Blocked by Tyler Lewington.
10:02 of 1st period - Puck is out of play.
10:03 of 1st period - Sonny Milano wins face-off versus Brett Seney in Griffins zone.
10:14 of 1st period - Snap shot by Brett Seney.
10:14 of 1st period - Shot Misses the Net.
10:16 of 1st period - Slapshot by Marcus Bjork.
10:16 of 1st period - Stopped by Marcus Hogberg with a rebound.
10:28 of 1st period - Brett Howden is hit by Nathan Walker and loses puck.
10:57 of 1st period - Wrist shot by Alexandre Texier.
10:57 of 1st period - Shot Blocked by Mathieu Brodeur.
11:03 of 1st period - Wrist shot by Alexandre Texier.
11:03 of 1st period - Shot Misses the Net.
12:24 of 1st period - Wrist shot by Brett Seney.
12:24 of 1st period - Shot Misses the Net.
12:26 of 1st period - Snap shot by Valeri Nichushkin.
12:26 of 1st period - Stopped by Marcus Hogberg with a rebound.
12:35 of 1st period - Off-side.
12:36 of 1st period - Nicolas Roy wins face-off versus Jack Studnicka in neutral zone.
13:27 of 1st period - Slapshot by Nathan Walker.
13:27 of 1st period - Shot Blocked by Vincent Desharnais.
13:29 of 1st period - Snap shot by Dominic Turgeon.
13:29 of 1st period - Shot Blocked by Vincent Desharnais.
13:31 of 1st period - Slapshot by Mathieu Brodeur.
13:31 of 1st period - Deflect By Joonas Donskoi.
13:31 of 1st period - Stopped by Juuse Saros without a rebound.
13:32 of 1st period - Brett Seney wins face-off versus Christoffer Ehn in Comets zone.
13:57 of 1st period - Brett Howden is hit by Kailer Yamamoto and loses puck.
14:42 of 1st period - Slapshot by Ian McCoshen.
14:42 of 1st period - Shot Blocked by Jake Bean.
14:44 of 1st period - Slapshot by Ian McCoshen.
14:44 of 1st period - Stopped by Juuse Saros with a rebound.
14:46 of 1st period - Slapshot by Ryan Pulock.
14:46 of 1st period - Stopped by Juuse Saros without a rebound.
14:47 of 1st period - Christoffer Ehn wins face-off versus Brett Seney in Comets zone.
14:48 of 1st period - Wrist shot by Sonny Milano.
14:48 of 1st period - Shot Blocked by Conor Garland.
15:14 of 1st period - Dominic Turgeon is hit by Brett Howden and loses puck.
15:25 of 1st period - Slapshot by Brett Howden.
15:25 of 1st period - Stopped by Marcus Hogberg with a rebound.
15:27 of 1st period - Slapshot by Christian Wolanin.
15:27 of 1st period - Shot Blocked by Sebastian Ahaut.
15:57 of 1st period - Morgan Barron is hit by Wyatt Kalynuk and loses puck.
16:48 of 1st period - Wrist shot by Nathan Walker.
16:48 of 1st period - Goal by Nathan Walker - Comets : 0 - Griffins : 1.
16:49 of 1st period - Christoffer Ehn wins face-off versus Brett Seney in neutral zone.
17:14 of 1st period - Brett Howden is hit by Nathan Walker and loses puck.
17:33 of 1st period - Ian McCoshen is hit by Eeli Tolvanen.
17:41 of 1st period - Wrist shot by Nicolas Roy.
17:41 of 1st period - Shot Misses the Net.
17:43 of 1st period - Slapshot by Marcus Bjork.
17:43 of 1st period - Stopped by Marcus Hogberg with a rebound.
18:03 of 1st period - Snap shot by Jack Studnicka.
18:03 of 1st period - Shot Misses the Net.
18:43 of 1st period - Snap shot by Joonas Donskoi.
18:43 of 1st period - Shot Blocked by Mathieu Brodeur.
18:45 of 1st period - Slapshot by Brett Howden.
18:45 of 1st period - Goal by Brett Howden - Comets : 1 - Griffins : 1.
18:46 of 1st period - Christoffer Ehn wins face-off versus Brett Seney in neutral zone.
19:11 of 1st period - Christoffer Ehn is hit by Eeli Tolvanen and loses puck.
19:47 of 1st period - Wrist shot by Sonny Milano.
19:47 of 1st period - Stopped by Juuse Saros without a rebound.
19:48 of 1st period - Dominic Turgeon wins face-off versus Brett Seney in Comets zone.
19:55 of 1st period - Slapshot by Brett Seney.
19:55 of 1st period - Shot Blocked by Ryan Pulock.
19:59 of 1st period - Slapshot by Valeri Nichushkin.
19:59 of 1st period - Stopped by Marcus Hogberg with a rebound.
Goals for this period are 1 for Comets vs 1 for Griffins.
Shots for this period are 14 for Comets vs 10 for Griffins.

2nd period


0:01 of 2nd period - Brett Seney wins face-off versus Christoffer Ehn in neutral zone.
0:26 of 2nd period - Christian Wolanin is hit by Kailer Yamamoto and loses puck.
0:46 of 2nd period - Off-side.
0:47 of 2nd period - David Kase wins face-off versus Connor McMichael in neutral zone.
1:12 of 2nd period - Valeri Nichushkin is hit by Sonny Milano and loses puck.
1:52 of 2nd period - Wrist shot by Robert Thomas.
1:52 of 2nd period - Shot Blocked by Nicolas Roy.
1:54 of 2nd period - Slapshot by Ryan Pulock.
1:54 of 2nd period - Stopped by Juuse Saros without a rebound.
1:55 of 2nd period - Dominic Turgeon wins face-off versus Brett Seney in Comets zone.
2:08 of 2nd period - Wrist shot by Nathan Walker.
2:08 of 2nd period - Stopped by Juuse Saros with a rebound.
2:30 of 2nd period - Wrist shot by Morgan Barron.
2:30 of 2nd period - Stopped by Juuse Saros with a rebound.
2:41 of 2nd period - Off-side.
2:42 of 2nd period - Samuel Poulin wins face-off versus Brett Howden in neutral zone.
3:47 of 2nd period - Minor Penalty to Connor McMichael for Tripping.
3:48 of 2nd period - Brett Seney wins face-off versus Dominic Turgeon in Griffins zone.
5:47 of 2nd period - Penalty to Connor McMichael is over, Connor McMichael is back on ice.
6:01 of 2nd period - Wrist shot by Nils Hoglander.
6:01 of 2nd period - Deflect By Alexandre Texier.
6:01 of 2nd period - Stopped by Juuse Saros without a rebound.
6:02 of 2nd period - Nicolas Roy wins face-off versus Jack Studnicka in Comets zone.
6:28 of 2nd period - Sonny Milano is hit by David Kase and loses puck.
7:39 of 2nd period - Icing by Ian McCoshen.
7:40 of 2nd period - Brett Seney wins face-off versus Connor McMichael in Griffins zone.
7:41 of 2nd period - Snap shot by Valeri Nichushkin.
7:41 of 2nd period - Shot Misses the Net.
7:43 of 2nd period - Slapshot by Jake Bean.
7:43 of 2nd period - Stopped by Marcus Hogberg with a rebound.
7:49 of 2nd period - Snap shot by Conor Garland.
7:49 of 2nd period - Stopped by Marcus Hogberg with a rebound.
8:06 of 2nd period - Minor Penalty to Jake Bean for Delaying the game.
8:07 of 2nd period - Robert Thomas wins face-off versus Brett Seney in Comets zone.
8:11 of 2nd period - Wrist shot by Sonny Milano.
8:11 of 2nd period - Goal by Sonny Milano - Comets : 1 - Griffins : 2.
8:12 of 2nd period - Christoffer Ehn wins face-off versus Brett Seney in neutral zone.
8:39 of 2nd period - Brett Howden is hit by Nathan Walker.
8:48 of 2nd period - Off-side.
8:49 of 2nd period - Valeri Nichushkin wins face-off versus Christoffer Ehn in neutral zone.
8:52 of 2nd period - Sebastian Ahaut is hit by Valeri Nichushkin.
9:33 of 2nd period - Morgan Barron is hit by Mason Marchment and loses puck.
10:33 of 2nd period - Wrist shot by Kailer Yamamoto.
10:33 of 2nd period - Stopped by Juuse Saros with a rebound.
10:35 of 2nd period - Backhand shot by Ian McCoshen.
10:35 of 2nd period - Deflect By Dominic Turgeon.
10:35 of 2nd period - Shot Misses the Net.
10:35 of 2nd period - Puck is out of play.
10:36 of 2nd period - Dominic Turgeon wins face-off versus Conor Garland in Comets zone.
10:39 of 2nd period - Wrist shot by Dominic Turgeon.
10:39 of 2nd period - Shot Blocked by Marcus Bjork.
10:41 of 2nd period - Slapshot by Jordan Spence.
10:41 of 2nd period - Stopped by Juuse Saros without a rebound.
10:42 of 2nd period - Sonny Milano wins face-off versus Valeri Nichushkin in Comets zone.
10:47 of 2nd period - Wrist shot by Sonny Milano.
10:47 of 2nd period - Shot Misses the Net.
11:13 of 2nd period - Wrist shot by Dominic Turgeon.
11:13 of 2nd period - Shot Misses the Net.
11:15 of 2nd period - Snap shot by Dominic Turgeon.
11:15 of 2nd period - Shot Blocked by Mason Marchment.
11:29 of 2nd period - Snap shot by Alexandre Texier.
11:29 of 2nd period - Shot Blocked by Morgan Geekie.
12:00 of 2nd period - Backhand shot by Christoffer Ehn.
12:00 of 2nd period - Stopped by Juuse Saros with a rebound.
12:22 of 2nd period - Snap shot by Brett Seney.
12:22 of 2nd period - Stopped by Marcus Hogberg with a rebound.
13:02 of 2nd period - Morgan Geekie is hit by Alexandre Texier and loses puck.
13:35 of 2nd period - Alex Turcotte is hit by Brycen Martin and loses puck.
13:56 of 2nd period - Wrist shot by Nathan Walker.
13:56 of 2nd period - Stopped by Juuse Saros with a rebound.
13:58 of 2nd period - Snap shot by Dominic Turgeon.
13:58 of 2nd period - Stopped by Juuse Saros with a rebound.
14:00 of 2nd period - Wrist shot by Mathieu Brodeur.
14:00 of 2nd period - Stopped by Juuse Saros with a rebound.
14:15 of 2nd period - Snap shot by Brett Seney.
14:15 of 2nd period - Goal by Brett Seney - Comets : 2 - Griffins : 2.
14:16 of 2nd period - Brett Howden wins face-off versus Sonny Milano in neutral zone.
14:27 of 2nd period - Slapshot by Brett Howden.
14:27 of 2nd period - Shot Misses the Net.
15:16 of 2nd period - Snap shot by Kailer Yamamoto.
15:16 of 2nd period - Stopped by Juuse Saros with a rebound.
15:36 of 2nd period - Slapshot by Ian McCoshen.
15:36 of 2nd period - Shot Blocked by Christian Wolanin.
18:20 of 2nd period - Kailer Yamamoto is hit by Conor Garland and loses puck.
19:02 of 2nd period - Robert Thomas is hit by Filip Roos and loses puck.
19:29 of 2nd period - Eeli Tolvanen is hit by Kailer Yamamoto and loses puck.
19:42 of 2nd period - Snap shot by Morgan Geekie.
19:42 of 2nd period - Shot Blocked by Wyatt Kalynuk.
Goals for this period are 1 for Comets vs 1 for Griffins.
Shots for this period are 4 for Comets vs 12 for Griffins.

3rd period


0:01 of 3rd period - Robert Thomas wins face-off versus Conor Garland in neutral zone.
0:03 of 3rd period - Minor Penalty to Robert Thomas for Hooking.
0:04 of 3rd period - Brett Seney wins face-off versus Dominic Turgeon in Griffins zone.
0:14 of 3rd period - Snap shot by Conor Garland.
0:14 of 3rd period - Goal by Conor Garland - Comets : 3 - Griffins : 2.
0:15 of 3rd period - Brett Seney wins face-off versus Christoffer Ehn in neutral zone.
0:17 of 3rd period - Off-side.
0:18 of 3rd period - Christoffer Ehn wins face-off versus Brett Seney in neutral zone.
0:28 of 3rd period - Off-side.
0:29 of 3rd period - Brett Seney wins face-off versus Christoffer Ehn in neutral zone.
0:34 of 3rd period - Snap shot by Valeri Nichushkin.
0:34 of 3rd period - Stopped by Marcus Hogberg with a rebound.
0:42 of 3rd period - Snap shot by Brett Seney.
0:42 of 3rd period - Stopped by Marcus Hogberg without a rebound.
0:43 of 3rd period - Brett Seney wins face-off versus Christoffer Ehn in Griffins zone.
0:46 of 3rd period - Snap shot by Conor Garland.
0:46 of 3rd period - Shot Misses the Net.
0:48 of 3rd period - Slapshot by Christian Wolanin.
0:48 of 3rd period - Stopped by Marcus Hogberg without a rebound.
0:49 of 3rd period - Christoffer Ehn wins face-off versus Brett Seney in Griffins zone.
0:54 of 3rd period - Snap shot by Brett Seney.
0:54 of 3rd period - Stopped by Marcus Hogberg with a rebound.
0:56 of 3rd period - Slapshot by Ilya Lyubushkin.
0:56 of 3rd period - Shot Blocked by Christoffer Ehn.
1:00 of 3rd period - Snap shot by Valeri Nichushkin.
1:00 of 3rd period - Shot Misses the Net.
1:02 of 3rd period - Wrist shot by Valeri Nichushkin.
1:02 of 3rd period - Shot Misses the Net.
1:04 of 3rd period - Slapshot by Ilya Lyubushkin.
1:04 of 3rd period - Shot Misses the Net.
1:35 of 3rd period - Off-side.
1:36 of 3rd period - Nikita Nesterenko wins face-off versus Connor McMichael in neutral zone.
1:41 of 3rd period - Slapshot by Jake Bean.
1:41 of 3rd period - Stopped by Marcus Hogberg without a rebound.
1:42 of 3rd period - Brett Seney wins face-off versus Connor McMichael in Griffins zone.
1:58 of 3rd period - Wrist shot by Brett Seney.
1:58 of 3rd period - Stopped by Marcus Hogberg with a rebound.
2:08 of 3rd period - Brett Howden is hit by Robert Thomas and loses puck.
2:29 of 3rd period - Wrist shot by Mathieu Brodeur.
2:29 of 3rd period - Shot Misses the Net.
2:31 of 3rd period - Snap shot by Kailer Yamamoto.
2:31 of 3rd period - Shot Blocked by Wyatt Kalynuk.
3:30 of 3rd period - Icing by Morgan Geekie.
3:31 of 3rd period - Connor McMichael wins face-off versus Brett Howden in Griffins zone.
3:31 of 3rd period - Connor McMichael is hit by Ilya Lyubushkin.
3:45 of 3rd period - Wrist shot by Robert Thomas.
3:45 of 3rd period - Stopped by Juuse Saros without a rebound.
3:46 of 3rd period - Christoffer Ehn wins face-off versus Brett Seney in Comets zone.
3:49 of 3rd period - Slapshot by Christoffer Ehn.
3:49 of 3rd period - Shot Blocked by Christian Wolanin.
4:13 of 3rd period - Conor Garland is hit by Ryan Pulock and loses puck.
4:50 of 3rd period - Slapshot by Valeri Nichushkin.
4:50 of 3rd period - Stopped by Marcus Hogberg with a rebound.
4:52 of 3rd period - Slapshot by Christian Wolanin.
4:52 of 3rd period - Stopped by Marcus Hogberg with a rebound.
4:54 of 3rd period - Snap shot by Valeri Nichushkin.
4:54 of 3rd period - Stopped by Marcus Hogberg without a rebound.
4:55 of 3rd period - Christoffer Ehn wins face-off versus Brett Howden in Griffins zone.
4:57 of 3rd period - Minor Penalty to Jordan Spence for Hooking.
4:58 of 3rd period - Brett Howden wins face-off versus Dominic Turgeon in Griffins zone.
5:24 of 3rd period - Dominic Turgeon is hit by Mason Marchment and loses puck.
6:06 of 3rd period - Mathieu Brodeur is hit by Conor Garland and loses puck.
6:47 of 3rd period - Ian McCoshen is hit by Nicolas Roy and loses puck.
6:57 of 3rd period - Penalty to Jordan Spence is over, Jordan Spence is back on ice.
8:46 of 3rd period - Nils Hoglander is hit by Ilya Lyubushkin and loses puck.
9:35 of 3rd period - Valeri Nichushkin is hit by Ryan Pulock and loses puck.
9:48 of 3rd period - Snap shot by Jack Studnicka.
9:48 of 3rd period - Stopped by Juuse Saros without a rebound.
9:49 of 3rd period - Samuel Poulin wins face-off versus Nicolas Roy in Comets zone.
9:50 of 3rd period - Slapshot by Mathieu Brodeur.
9:50 of 3rd period - Shot Misses the Net.
9:52 of 3rd period - Snap shot by Jordan Spence.
9:52 of 3rd period - Shot Blocked by Marcus Bjork.
9:54 of 3rd period - Snap shot by Jack Studnicka.
9:54 of 3rd period - Stopped by Juuse Saros with a rebound.
9:56 of 3rd period - Wrist shot by Jack Studnicka.
9:56 of 3rd period - Shot Misses the Net.
10:14 of 3rd period - Brett Howden is hit by Robert Thomas and loses puck.
11:30 of 3rd period - Backhand shot by Conor Garland.
11:30 of 3rd period - Stopped by Marcus Hogberg with a rebound.
11:46 of 3rd period - Slapshot by Sonny Milano.
11:46 of 3rd period - Shot Misses the Net.
11:48 of 3rd period - Snap shot by Tyler Lewington.
11:48 of 3rd period - Deflect By Christoffer Ehn.
11:48 of 3rd period - Shot Misses the Net.
11:48 of 3rd period - Puck is out of play.
11:49 of 3rd period - Brett Seney wins face-off versus Christoffer Ehn in Comets zone.
11:56 of 3rd period - Snap shot by Conor Garland.
11:56 of 3rd period - Shot Blocked by Christoffer Ehn.
12:02 of 3rd period - Wrist shot by Robert Thomas.
12:02 of 3rd period - Stopped by Juuse Saros with a rebound.
12:04 of 3rd period - Slapshot by Ian McCoshen.
12:04 of 3rd period - Shot Blocked by Brett Seney.
12:57 of 3rd period - Brett Seney is hit by Jordan Spence.
13:13 of 3rd period - Slapshot by Sonny Milano.
13:13 of 3rd period - Stopped by Juuse Saros with a rebound.
13:19 of 3rd period - Slapshot by Christoffer Ehn.
13:19 of 3rd period - Deflect By Sonny Milano.
13:19 of 3rd period - Stopped by Juuse Saros without a rebound.
13:20 of 3rd period - Christoffer Ehn wins face-off versus Nicolas Roy in Comets zone.
14:07 of 3rd period - Wyatt Kalynuk is hit by Robert Thomas and loses puck.
14:14 of 3rd period - Wrist shot by Robert Thomas.
14:14 of 3rd period - Stopped by Juuse Saros with a rebound.
14:16 of 3rd period - Slapshot by Ryan Pulock.
14:16 of 3rd period - Shot Blocked by Nikita Nesterenko.
14:22 of 3rd period - Wrist shot by Robert Thomas.
14:22 of 3rd period - Deflect By Sonny Milano.
14:22 of 3rd period - Shot Blocked by Jake Bean.
14:22 of 3rd period - Puck is out of play.
14:23 of 3rd period - Kailer Yamamoto wins face-off versus Brett Seney in Comets zone.
14:34 of 3rd period - Wrist shot by Kailer Yamamoto.
14:34 of 3rd period - Shot Misses the Net.
14:52 of 3rd period - Off-side.
14:53 of 3rd period - Connor McMichael wins face-off versus Brett Howden in neutral zone.
15:18 of 3rd period - Brett Seney is hit by Morgan Geekie and loses puck.
15:45 of 3rd period - Wrist shot by Nathan Walker.
15:45 of 3rd period - Stopped by Juuse Saros with a rebound.
16:08 of 3rd period - Slapshot by Brett Howden.
16:08 of 3rd period - Stopped by Marcus Hogberg with a rebound.
16:10 of 3rd period - Snap shot by Brett Howden.
16:10 of 3rd period - Shot Misses the Net.
16:12 of 3rd period - Snap shot by Ilya Lyubushkin.
16:12 of 3rd period - Deflect By Joonas Donskoi.
16:12 of 3rd period - Shot Blocked by Sebastian Ahaut.
16:12 of 3rd period - Puck is out of play.
16:13 of 3rd period - Christoffer Ehn wins face-off versus Brett Seney in Griffins zone.
16:13 of 3rd period - Christoffer Ehn is hit by Valeri Nichushkin.
16:43 of 3rd period - Mason Marchment is hit by Nathan Walker and loses puck.
17:02 of 3rd period - Snap shot by David Kase.
17:02 of 3rd period - Shot Misses the Net.
17:04 of 3rd period - Wrist shot by David Kase.
17:04 of 3rd period - Shot Misses the Net.
17:06 of 3rd period - Slapshot by Alex Turcotte.
17:06 of 3rd period - Stopped by Marcus Hogberg without a rebound.
17:07 of 3rd period - Connor McMichael wins face-off versus Nikita Nesterenko in Griffins zone.
17:07 of 3rd period - Connor McMichael is hit by Ilya Lyubushkin.
17:13 of 3rd period - Slapshot by Mathieu Brodeur.
17:13 of 3rd period - Stopped by Juuse Saros with a rebound.
17:15 of 3rd period - Snap shot by Morgan Barron.
17:15 of 3rd period - Stopped by Juuse Saros with a rebound.
17:17 of 3rd period - Wrist shot by Connor McMichael.
17:17 of 3rd period - Shot Misses the Net.
17:19 of 3rd period - Slapshot by Jordan Spence.
17:19 of 3rd period - Stopped by Juuse Saros with a rebound.
17:21 of 3rd period - Wrist shot by Morgan Geekie.
17:21 of 3rd period - Goal by Morgan Geekie - Comets : 3 - Griffins : 3.
17:22 of 3rd period - Brett Seney wins face-off versus Christoffer Ehn in neutral zone.
17:49 of 3rd period - Ian McCoshen is hit by Ilya Lyubushkin and loses puck.
18:26 of 3rd period - Snap shot by Morgan Geekie.
18:26 of 3rd period - Shot Blocked by Brett Seney.
18:28 of 3rd period - Wrist shot by Morgan Barron.
18:28 of 3rd period - Shot Blocked by Ilya Lyubushkin.
18:30 of 3rd period - Snap shot by Connor McMichael.
18:30 of 3rd period - Stopped by Juuse Saros with a rebound.
18:32 of 3rd period - Snap shot by Morgan Barron.
18:32 of 3rd period - Shot Misses the Net.
18:34 of 3rd period - Snap shot by Connor McMichael.
18:34 of 3rd period - Shot Blocked by Ilya Lyubushkin.
18:36 of 3rd period - Wrist shot by Connor McMichael.
18:36 of 3rd period - Deflect By Morgan Geekie.
18:36 of 3rd period - Shot Blocked by Ilya Lyubushkin.
18:36 of 3rd period - Puck is out of play.
18:37 of 3rd period - Robert Thomas wins face-off versus Eeli Tolvanen in Comets zone.
19:12 of 3rd period - Snap shot by Kailer Yamamoto.
19:12 of 3rd period - Stopped by Juuse Saros with a rebound.
19:14 of 3rd period - Snap shot by Dominic Turgeon.
19:14 of 3rd period - Stopped by Juuse Saros without a rebound.
19:15 of 3rd period - Brett Howden wins face-off versus Nathan Walker in Comets zone.
19:38 of 3rd period - Joonas Donskoi is hit by Kailer Yamamoto and loses puck.
Goals for this period are 1 for Comets vs 1 for Griffins.
Shots for this period are 13 for Comets vs 15 for Griffins.

Overtime #1


0:01 of 1st overtime period - Christoffer Ehn wins face-off versus Valeri Nichushkin in neutral zone.
0:08 of 1st overtime period - Snap shot by Christoffer Ehn.
0:08 of 1st overtime period - Shot Blocked by Ilya Lyubushkin.
0:25 of 1st overtime period - Icing by Christoffer Ehn.
0:26 of 1st overtime period - Joonas Donskoi wins face-off versus Robert Thomas in Griffins zone.
0:41 of 1st overtime period - Slapshot by Robert Thomas.
0:41 of 1st overtime period - Shot Misses the Net.
0:43 of 1st overtime period - Wrist shot by Nathan Walker.
0:43 of 1st overtime period - Goal by Nathan Walker - Comets : 3 - Griffins : 4.
Goals for this period are 0 for Comets vs 1 for Griffins.
Shots for this period are 0 for Comets vs 1 for Griffins.